 Dungeon Crawl Stone Soup version 0.24.0-13-gcf9b319 (webtiles) character file.

Game seed: 17594317422944377246, levelgen mode: deterministic

18118 Bronimir the Frost Mage (level 12, -10/62 HPs)
             Began as a Deep Elf Ice Elementalist on Mar 21, 2020.
             Was an Elder of Sif Muna.
             Killed from afar by Fannar (20 damage)
             ... with a bolt of cold
             ... on level 3 of the Lair of Beasts on Mar 22, 2020.
             The game lasted 01:42:28 (21166 turns).

Bronimir the Frost Mage (DEIE)                     Turns: 21166, Time: 01:42:28

Health: -10/62     AC:  8    Str:  6    XL:     12   Next: 24%
Magic:  14/29      EV: 19    Int: 25    God:    Sif Muna [****..]
Gold:   877        SH:  0    Dex: 17    Spells: 11/34 levels left

rFire    + . .     SeeInvis +   a - +4 quarterstaff (chaos)
rCold    . . .     Gourm    .   (shield currently unavailable)
rNeg     . . .     Faith    +   u - +2 robe {rF+}
rPois    .         Spirit   .   (helmet restricted)
rElec    +         Reflect  .   A - +2 cloak {MR+}
rCorr    .         Harm     .   L - +0 pair of gloves
MR       ++...                  (no boots)
Stlth    ++........             t - amulet of faith
HPRegen  0.20/turn              i - ring of see invisible
MPRegen  0.21/turn              (no ring)

@: very slightly contaminated
A: horns 1, agile 1, electricity resistance
a: Channel Magic, Forget Spell, Divine Exegesis, Renounce Religion


You were on level 3 of the Lair of Beasts.
You worshipped Sif Muna.
Sif Muna was greatly pleased with you.
You were not hungry.

You visited 3 branches of the dungeon, and saw 15 of its levels.

You collected 877 gold pieces.

Inventory:

Hand Weapons
 a - a +4 quarterstaff of chaos (weapon)
 b - a +0 shortbow
 V - a +1 war axe of flaming
Missiles
 h - 112 sling bullets
 j - 28 bolts
 l - 256 stones
 n - 89 arrows
 C - 14 poisoned darts (quivered)
Armour
 u - a +2 robe of fire resistance (worn)
 y - a cursed +0 buckler
 A - a +2 cloak of magic resistance (worn)
 L - a +0 pair of gloves (worn)
Jewellery
 i - a ring of see invisible (left hand)
 q - an uncursed amulet of the acrobat {unknown}
 t - an amulet of faith (around neck)
Wands
 P - a wand of iceblast (7)
 S - a wand of disintegration (5)
Scrolls
 d - 5 scrolls of identify
 e - 4 scrolls of fog
 k - 2 scrolls of teleportation
 o - a scroll of enchant armour
 F - a scroll of remove curse
Potions
 f - a potion of agility
 g - a potion of heal wounds
 m - 3 potions of brilliance
 p - 2 potions of degeneration {unknown}
 r - 2 potions of resistance {unknown}
 w - a potion of lignification
 x - 3 potions of flight
 z - 2 potions of magic {unknown}
 E - 5 potions of curing
 J - a potion of haste {unknown}
 K - 2 potions of ambrosia
 M - 2 potions of cancellation {unknown}
 R - a potion of berserk rage {unknown}
 T - a potion of mutation
Comestibles
 c - 20 rations


   Skills:
 + Level 1.9 Fighting
   Level 0.1(0.2) Short Blades
   Level 0.1 Long Blades
 + Level 4.2 Staves
 + Level 3.1 Bows
 + Level 0.7 Armour
 * Level 9.2 Dodging
 - Level 2.4 Stealth
 * Level 2.8 Shields
 + Level 11.5 Spellcasting
 * Level 7.5 Conjurations
 + Level 2.4 Hexes
 + Level 3.7 Charms
 + Level 3.5 Summonings
 + Level 1.4 Translocations
 * Level 12.5 Ice Magic
 + Level 6.1 Invocations


You had 11 spell levels left.
You knew the following spells:

 Your Spells              Type           Power        Failure   Level  Hunger
a - Freeze                Ice            ####         1%          1    None
b - Throw Frost           Conj/Ice       ######       1%          2    None
c - Ozocubu's Armour      Chrm/Ice       ######..     1%          3    None
d - Throw Icicle          Conj/Ice       ######..     1%          4    None
e - Summon Ice Beast      Ice/Summ       ######..     1%          4    None
f - Blink                 Tloc           N/A          3%          2    None
g - Slow                  Hex            ####....     2%          2    None
h - Call Imp              Summ           ####....     1%          2    None
i - Mephitic Cloud        Conj/Pois/Air  ####....     4%          3    None

Your spell library contained the following spells:

 Spells                   Type           Power        Failure   Level  Hunger
 Magic Dart               Conj           ####         1%          1    None
 Conjure Flame            Conj/Fire      ####....     2%          3    None
 Stone Arrow              Conj/Erth      ####..       2%          3    None
 Corpse Rot               Necr           N/A          6%          2    None
 Leda's Liquefaction      Hex/Erth       ###.......   26%         4    None
 Summon Forest            Summ/Tloc      ####......   38%         5    ###....
 Hydra Form               Tmut           ##........   100%        6    #####..
 Summon Hydra             Summ           ####......   100%        7    ######.


Dungeon Overview and Level Annotations

Branches:
Dungeon (11/15)            Temple (1/1) D:4            Lair (3/6) D:10
 Shoals (0/4) Lair:3       Spider (0/4) Lair:2
    Orc: D:9-12

Altars:
Ashenzari
Cheibriados
Dithmenos
Elyvilon
Fedhas
Gozag
Hepliaklqana
Kikubaaqudgha
Makhleb
Nemelex Xobeh
Okawaru
Qazlal
Ru
Sif Muna
Trog
Uskayaw
Vehumet
Wu Jian
Xom
Yredelemnul
Zin
The Shining One

Annotations:
Lair:2 exclusion: oklob plant
Lair:3 Fannar


Innate Abilities, Weirdness & Mutations

You have a pair of small horns on your head.
You are agile. (Dex +2)
You are resistant to electric shocks. (rElec)


Message History

Fannar is heavily wounded.
Fannar mumbles some strange words.
Fannar drains the heat from the surrounding environment!
You feel very cold.
* * * LOW HITPOINT WARNING * * *
Your crimson imps and Fannar are frozen.
Your crimson imp is frozen!
Your crimson imp dies!
Your crimson imp is frozen!
Your crimson imp dies!
Fannar resists.
You swap places.
Your icy armour cracks and falls away as you move.
Fannar glares icily.
Fannar hits your ice beast with a +0 quarterstaff of freezing.
Fannar points at you and mumbles some strange words.
The bolt of cold hits your ice beast.
Your ice beast completely resists.
The bolt of cold hits you!!
You die...

....P.####...###.....#####(..##P.
.......#.....##........##....###.
.............#...##.#..###...###.
.....÷.......#.##...#..###.......
............#...........#........
.....÷.♣#####..#.........#...##..
...<.##.♣.##..#..♣.♣.....#...##..
.#...†÷†...#..#...Y...#..#.......
.....#♣.<..+....@.Ye..#..........
.....#.....#..#...Y...#..........
......#.♣.#...##.♣.♣.##.....##...
......#######........#..##....#..
#.....# #...........#........
#.....## ##.##...##.##........
##.....### ###..#..#...#.........
#....P#.###.##.......###.....#..
##...................## #........


You could see Fannar (invisible) and 3 friendly ice beasts.

Vanquished Creatures
  Pikel (D:7)
  Psyche (D:8)
  2 spiny frogs
  3 komodo dragons
  A rime drake (Lair:3)
  2 blink frogs (Lair:2)
  A hippogriff (D:8)
  3 redbacks (Lair:2)
  Sigmund (D:2)
  14 yaks
  Grum (D:9)
  A wyvern (Lair:1)
  15 soldier ants
  6 water moccasins
  2 porcupines (D:10)
  6 orc warriors
  2 sky beasts
  A phantom (D:5)
  3 ogres
  An eye of draining (D:6)
  19 wolves
  2 centaurs
  5 crocodiles
  Blork the orc (D:6)
  4 bullfrogs
  A gnoll sergeant (D:5)
  4 scorpions
  8 killer bees
  A howler monkey (D:10)
  3 bullfrog zombies
  3 crimson imps
  4 hounds
  5 orc priests
  2 centaur skeletons
  3 jellies
  Crazy Yiuf (D:2)
  A bullfrog skeleton (D:8)
  2 iguanas (D:10)
  13 worker ants
  6 orc wizards
  2 hound zombies
  Robin (D:2)
  3 gnolls (D:5)
  11 adders
  2 shadow imps
  2 oozes
  2 adder skeletons
  5 worms
  2 dart slugs
  3 leopard geckos
  45 orcs
  5 bats
  6 giant cockroaches
  2 gnoll zombies (D:3)
  6 hobgoblins
  A jackal (D:10)
  3 kobolds
  6 quokkas
  A ball python (D:6)
  5 frilled lizards
  18 goblins
  2 quokka skeletons
  A quokka zombie (D:5)
  9 rats
298 creatures vanquished.

Vanquished Creatures (collateral kills)
  2 hydras (Lair:1)
  A queen ant (Lair:2)
  Maurice (D:8)
  A black mamba (Lair:1)
  Joseph (D:7)
  2 blink frogs (Lair:2)
  2 hippogriffs (Lair:1)
  A wyvern (D:6)
  4 yaks
  A basilisk (Lair:1)
  5 soldier ants (Lair:2)
  2 water moccasins
  A porcupine (Lair:3)
  An orc warrior (D:8)
  A sky beast (D:8)
  A slave (D:7)
  A black bear (Lair:2)
  3 crocodiles
  9 wolves
  A bullfrog (Lair:2)
  10 killer bees
  A centaur skeleton (D:8)
  2 orc wizards
  2 orc priests (D:8)
  11 worker ants (Lair:2)
  A killer bee zombie (D:8)
  4 orcs
  A jackal (D:10)
  A quokka (D:8)
  A fungus (Lair:2)
75 creatures vanquished.

Vanquished Creatures (others)
  An adder (D:7)
  2 bushes (D:10)
  14 fungi
  24 plants
41 creatures vanquished.

Grand Total: 414 creatures vanquished

Notes
Turn   | Place    | Note
-------+----------+-------------------------------------------
     0 | D:1      | Bronimir the Deep Elf Ice Elementalist began the quest for
                  | the Orb.
     0 | D:1      | Reached XP level 1. HP: 10/10 MP: 6/6
   193 | D:1      | Reached XP level 2. HP: 11/15 MP: 4/8
   282 | D:1      | Learned a level 2 spell: Throw Frost
   784 | D:1      | Reached skill level 4 in Ice Magic
  1259 | D:2      | Reached XP level 3. HP: 16/19 MP: 5/10
  1385 | D:2      | Learned a level 3 spell: Ozocubu's Armour
  1406 | D:2      | Noticed Robin
  1505 | D:2      | Killed Robin
  1687 | D:2      | Found a glowing golden altar of the Shining One.
  1822 | D:2      | Found an iron altar of Okawaru.
  1830 | D:2      | Reached XP level 4. HP: 24/24 MP: 6/12
  2000 | D:2      | Found a runed translucent door.
  2001 | D:2      | Noticed Crazy Yiuf
  2010 | D:2      | Killed Crazy Yiuf
  2112 | D:2      | Learned a level 4 spell: Throw Icicle
  2112 | D:2      | Noticed Sigmund
  2934 | D:2      | Killed Sigmund
  2934 | D:2      | Reached skill level 5 in Ice Magic
  2934 | D:2      | Reached XP level 5. HP: 28/28 MP: 8/14
  2934 | D:2      | Reached XP level 6. HP: 33/33 MP: 8/15
  3497 | D:3      | Reached skill level 5 in Spellcasting
  3650 | D:3      | Found a basalt altar of Yredelemnul.
  3738 | D:3      | Found a shimmering altar of Xom.
  3987 | D:3      | Found a burning altar of Makhleb.
  4034 | D:3      | Reached skill level 6 in Ice Magic
  4330 | D:4      | Reached skill level 1 in Staves
  4455 | D:4      | Noticed an orc warrior
  4460 | D:4      | Killed an orc warrior
  4460 | D:4      | Reached XP level 7. HP: 37/37 MP: 5/17
  4543 | D:4      | Learned a level 4 spell: Summon Ice Beast
  4683 | D:4      | Found a staircase to the Ecumenical Temple.
  4702 | Temple   | Entered the Ecumenical Temple
  4843 | Temple   | Became a worshipper of Sif Muna the Loreminder
  5539 | D:4      | Found a hide-covered altar of Uskayaw.
  5701 | D:4      | Found a radiant altar of Vehumet.
  6001 | D:5      | Entered Level 5 of the Dungeon
  6291 | D:5      | Reached * piety under Sif Muna
  6291 | D:5      | Reached skill level 1 in Fighting
  6437 | D:5      | Found a stormy altar of Qazlal.
  6597 | D:5      | Reached skill level 7 in Ice Magic
  6600 | D:5      | Reached skill level 1 in Invocations
  6639 | D:5      | Reached XP level 8. HP: 12/43 MP: 1/20
  7532 | D:6      | Reached skill level 8 in Ice Magic
  7615 | D:6      | Found a white marble altar of Elyvilon.
  7774 | D:6      | Noticed Blork the orc
  7784 | D:6      | Killed Blork the orc
  7784 | D:6      | Reached skill level 5 in Dodging
  8428 | D:7      | Reached ** piety under Sif Muna
  8433 | D:7      | Got a slimy war axe
  8447 | D:7      | Noticed Joseph
  8668 | D:7      | Reached skill level 9 in Ice Magic
  8692 | D:7      | Reached skill level 1 in Bows
  8692 | D:7      | Reached XP level 9. HP: 47/47 MP: 14/22
  9127 | D:7      | Killed Joseph
  9336 | D:7      | Noticed Pikel
  9370 | D:7      | Killed Pikel
  9370 | D:7      | Reached skill level 1 in Summonings
  9860 | D:8      | Found a sand-covered staircase.
  9862 | D:8      | Noticed Psyche
 10754 | D:8      | Reached skill level 10 in Ice Magic
 11331 | D:8      | Reached *** piety under Sif Muna
 11337 | D:8      | Killed Psyche
 11337 | D:8      | Reached skill level 1 in Charms
 11364 | D:8      | Found an opulent altar of Gozag.
 11413 | D:8      | Noticed Maurice
 11484 | D:8      | Killed Maurice
 11484 | D:8      | Reached skill level 5 in Conjurations
 11521 | D:8      | Reached XP level 10. HP: 52/52 MP: 19/24
 12420 | D:8      | Found a snail-covered altar of Cheibriados.
 12832 | D:9      | Reached skill level 11 in Ice Magic
 13016 | D:9      | Learned a level 2 spell: Blink
 13019 | D:9      | Learned a level 2 spell: Slow
 13022 | D:9      | Learned a level 2 spell: Call Imp
 13026 | D:9      | Learned a level 3 spell: Mephitic Cloud
 13038 | D:9      | Noticed Grum
 13048 | D:9      | Killed Grum
 13502 | D:9      | Reached **** piety under Sif Muna
 14156 | D:10     | Entered Level 10 of the Dungeon
 14664 | D:10     | Found a staircase to the Lair.
 15153 | D:10     | Reached XP level 11. HP: 51/57 MP: 6/26
 15235 | D:10     | Reached skill level 10 in Spellcasting
 15357 | Lair:1   | Entered Level 1 of the Lair of Beasts
 15400 | Lair:1   | Reached skill level 5 in Invocations
 15666 | Lair:1   | Noticed a six-headed hydra
 15678 | Lair:1   | Killed a six-headed hydra
 15869 | Lair:1   | Noticed a four-headed hydra
 15876 | Lair:1   | Killed a four-headed hydra
 16164 | Lair:1   | Reached skill level 12 in Ice Magic
 16376 | Lair:1   | Reached skill level 1 in Hexes
 16987 | Lair:1   | Gained mutation: You are agile. (Dex +2) [potion of
                  | mutation]
 16987 | Lair:1   | Gained mutation: You are resistant to electric shocks.
                  | (rElec) [potion of mutation]
 16987 | Lair:1   | Gained mutation: You have a pair of small horns on your
                  | head. [potion of mutation]
 17760 | Lair:2   | Noticed an oklob plant
 17789 | Lair:2   | Noticed a queen ant
 17834 | Lair:2   | Reached skill level 1 in Shields
 18821 | Lair:1   | Reached skill level 1 in Translocations
 19605 | Lair:2   | Killed a queen ant
 19746 | Lair:2   | Reached XP level 12. HP: 53/62 MP: 14/29
 19976 | Lair:2   | Found a hole to the Spider Nest.
 20598 | Lair:3   | Found a staircase to the Shoals.
 21111 | Lair:3   | Noticed Fannar
 21166 | Lair:3   | Killed from afar by Fannar

Levels and vault maps discovered:
D:1:      eino_arrival_druids_welcome, layout_basic, corexii_leaking_fountain,
          minmay_misc_feat_doors
D:2:      layout_basic, tso_oasis_becter, okawaru_ov_weapons_minmay, uniq_robin,
          uniq_sigmund, uniq_crazy_yiuf_cottage
D:3:      layout_loops_ring, lemuel_zombie_altar_yredelemnul,
          lemuel_coloured_pillars_altar, nicolae_overflow_hidden_temple
D:4:      layout_rooms, eat_drink_and_be_merry_uskayaw, vehumet_crystals,
          minmay_temple_entry_large_hall, first_ration
D:5:      layout_basic, lemuel_crystal_altar
D:6:      layout_basic, elyvilon_altar_1, uniq_blork_the_orc
D:7:      layout_rooms, uniq_pikel, uniq_joseph
D:8:      layout_basic, old_standard_altar, nicolae_ossuary_entry_ruins,
          serial_corexii_hall, chequers_hall_statues_y, corexii_hall_statues_x,
          cheibriados_altar_1, uniq_maurice, uniq_psyche
D:9:      layout_roguey, grunt_ogre_cave, minmay_misc_feat_secret_circle,
          uniq_grum
D:10:     minmay_spotlight, layout_basic, minmay_lair_entry_grove
D:11:     layout_irregular_city, fountainhead, kennysheep_generic_room_6,
          uniq_sonja, uniq_erica, uniq_gastronok
Temple:   dshaligram_water_room_temple
Lair:1:   layout_roguey, guppyfry_lair_drakes
Lair:2:   layout_loops_ring, spider_nest_entry_webs, minivault_29,
          infiniplex_staircase_pool, grunt_megastairs_4,
          minmay_lair_oklob_chamber
Lair:3:   beast_lair_carwin_large_3, layout_gridlike, elwin_shoals_entry_rocks,
          grunt_megastairs_2, uniq_fannar

Skill      XL: |  1  2  3  4  5  6  7  8  9 10 11 12 |
---------------+-------------------------------------+-----
Ice Magic      | 4 5 6 7 9 10 11 12 | 12.5
Spellcasting   | 4 5 6 7 8 9 11 | 11.5
Dodging        | 3 4 5 6 7 8 9 |  9.2
Conjurations   | 2 3 5 6 7 |  7.5
Staves         | 1 2 3 4 |  4.2
Fighting       | 1 |  1.9
Invocations    | 1 2 4 6 |  6.1
Bows           | 1 2 3 |  3.1
Summonings     | 1 3 |  3.5
Charms         | 1 2 3 |  3.7
Hexes          | 2 |  2.4
Shields        | 1 2 |  2.8
Translocations | 1 |  1.4
Short Blades   | |  0.1
Long Blades    | |  0.1
Armour         | |  0.7
Stealth        | |  2.4

Action                   |  1- 3 |  4- 6 |  7- 9 | 10-12 || total
-------------------------+-------+-------+-------+-------++-------
Melee: Short sword       |    23 |       |       |       ||    23
       Quarterstaff      |       |    61 |    59 |   153 ||   273
       Headbutt          |       |       |       |     9 ||     9
 Fire: Shortbow          |       |       |    48 |    19 ||    67
Throw: Dart              |       |       |       |     6 ||     6
 Cast: Freeze            |    29 |    39 |   160 |   109 ||   337
       Throw Frost       |    17 |    36 |    37 |    27 ||   117
       Ozocubu's Armour  |       |     5 |    18 |    36 ||    59
       Throw Icicle      |       |     1 |    26 |   167 ||   194
       Summon Ice Beast  |       |       |    27 |    88 ||   115
       Mephitic Cloud    |       |       |       |     1 ||     1
       Slow              |       |       |       |    12 ||    12
       Call Imp          |       |       |       |    14 ||    14
       Blink             |       |       |       |     9 ||     9
Invok: Channel Magic     |       |       |     4 |    16 ||    20
  Use: Scroll            |       |     5 |     8 |    11 ||    24
       Potion            |       |       |       |     4 ||     4
 Stab: Paralysed         |       |     1 |       |     2 ||     3
       Sleeping          |       |     3 |     2 |       ||     5
       Petrified         |       |     1 |       |       ||     1
       Distracted        |       |       |       |     3 ||     3
       Petrifying        |       |       |       |     2 ||     2
  Eat: Chunk             |     3 |     9 |    20 |    23 ||    55
       Ration            |       |       |     2 |     4 ||     6
Armor: Robe              |     5 |    23 |    77 |   113 ||   218
       Animal skin       |     2 |     4 |       |       ||     6
Dodge: Dodged            |    37 |    69 |   203 |   388 ||   697
       Rpst.: Falchion   |       |     1 |       |       ||     1
